 Dungeon Crawl Stone Soup version 0.31-a0-102-g33a4ccc0cb (webtiles) character file.

Game seed: 11346708568842691421

3 Esekla the Sneak (level 1, 16/16 HPs)
             Began as an Octopode Delver on May 26, 2023.
             Quit the game on level 5 of the Dungeon.
             The game lasted 00:00:45 (106 turns).

Esekla the Sneak (Octopode Delver)                   Turns: 106, Time: 00:00:45

Health: 16/16      AC:  1    Str: 11    XL:     1   Next: 50%
Magic:  1/1        EV: 13    Int: 12    God:
Gold:   0          SH:  0    Dex: 13    Spells: 0/0 levels left

rFire   . . .        a - +0 falchion
rCold   . . .        (no shield)
rNeg    . . .        (helmet restricted)
rPois   .            (no amulet)
rElec   .            (no ring)
rCorr   .            (no ring)
SInv    .            (no ring)
Will    .....        (no ring)
Stlth   ++++         (no ring)
HPRegen 0.22/turn    (no ring)
MPRegen 0.07/turn    (no ring)
                     (no ring)

%: no passive effects
@: no status effects
A: almost no armour, amphibious, 8 rings, camouflage 1, gelatinous body 1,
(nimble swimmer 1), tentacles
a: no special abilities


You were on level 5 of the Dungeon.
You visited 2 branches of the dungeon, and saw 2 of its levels.

Inventory:

Hand Weapons
 a - a +0 falchion (weapon)
Wands
 f - a wand of digging (3)
 g - a wand of roots (13)
Scrolls
 b - a scroll of fog
 d - a scroll of fear
Potions
 c - a potion of curing {unknown}
 e - a potion of haste


   Skills:
 + Level 3.0 Fighting
 + Level 2.0 Long Blades
 + Level 2.0 Dodging
 + Level 6.8 Stealth


You couldn't memorise any spells.
You didn't know any spells.
Your spell library was empty.

Dungeon Overview and Level Annotations

Branches:
Dungeon (5/15)             Temple (1/1) D:5

Altars:
Dithmenos
Elyvilon
Kikubaaqudgha
Makhleb
Nemelex Xobeh
Okawaru
Qazlal
Ru
Trog
Vehumet
Wu Jian
Yredelemnul
Zin


Innate Abilities, Weirdness & Mutations

You cannot wear most types of armour.
You are amphibious.
You can wear up to eight rings at the same time.
Your skin changes colour to match your surroundings (Stealth+).
Your rubbery body absorbs attacks. (AC +1, EV +1)
((You are camouflaged when in or above water. (Stealth+)))
You have tentacles for arms and can constrict up to eight enemies at once.


Message History

Welcome, Esekla the Octopode Delver.
Everyone else who sought the Orb of Zot has failed.
Will you be different?
Press ? for a list of commands and other information.
Found a shiny fluorescent wand.
Found a stone staircase leading down.
g - a wand of roots (13)
As you read the scroll of magic mapping, it crumbles to dust.
You feel aware of your surroundings.
A worm comes into view.
Found a glowing orange potion.
You see here a glowing orange potion.
The helpless worm fails to defend itself.
You slash the worm! You grab the worm. You squeeze the worm.
You kill the worm!
c - a glowing orange potion
Found a staircase to the Ecumenical Temple.
There is a staircase to the Ecumenical Temple here.
You climb downwards.
Welcome to the Ecumenical Temple!
Found three altars.
There is a staircase back to the Dungeon here.
Found three altars.
Found a radiant altar of Vehumet.
Found an ancient bone altar of Kikubaaqudgha.
Found a glowing silver altar of Zin.
Found a sacrificial altar of Ru.
Found a white marble altar of Elyvilon and a burning altar of Makhleb.
Found a basalt altar of Yredelemnul.
Search for what [? for help]?
Gozag Can't find anything matching that.
(D) Dungeon (T) Temple
Where to? (? - help)
There is a staircase back to the Dungeon here.
You climb upwards.
There is a staircase to the Ecumenical Temple here.
Are you sure you want to abandon this character and quit the game? (Confirm with "yes".)

**********,* #...*,,,,,,* #.#
,,,,,,,,,*,* #...*,,,,,,* #.#
********,*,* #...####**** #.#
*,*,* #......# #.# ********,*,*
*,.....# #.# ,,,,,,,*,*,*
***#...# #.#
**,,**,*,#.#########...#######.##
,,,,,,,*,#.........b.............
****,*,*,**####.@.##...#######.##
,,,,,*,*,.........##...# #.#
******,*,.........##...# #.#
*,,,.........##...# #.#
*,*,.........###### #.#
******,*,.b.......# #.#
,,,,,,,*,.........# #.#
********,##...##### #.#
,,,,,,,*,**,,,,,* #.#


There were no monsters in sight!

Vanquished Creatures
  A worm (D:5)
1 creature vanquished.

Notes
Turn   | Place    | Note
-------+----------+-------------------------------------------
     0 | D:5      | Esekla the Octopode Delver began the quest for the Orb.
     0 | D:5      | Reached XP level 1. HP: 16/16 MP: 1/1
    57 | D:5      | Found a staircase to the Ecumenical Temple.
    66 | Temple   | Entered the Ecumenical Temple
   106 | D:5      | Quit the game

Illustrated notes

Levels and vault maps discovered:
D:5:      layout_basic, minmay_temple_entry_butterflies,
          gammafunk_ghost_necromancy, hex_medium, kennysheep_nondescript
Temple:   cyrus_circular_temple

Action                     || total
---------------------------++-------
  Melee: Falchion          ||     1
         Constrict         ||     1
         Tentacles         ||     1
    Use: Scroll            ||     1
   Stab: Sleeping          ||     1

Table legend: (Time is in decaauts)
 A = Elapsed time spent in this place.
 B = Non-inter-level travel time spent in this place.
 C = Inter-level travel time spent in this place.
 D = Time resting spent in this place.
 E = Time spent auto-exploring this place.
 F = Levels seen in this place.
 G = Mean time per level.
                   A        B        C        D        E       F      G
               +--------+--------+--------+--------+--------+-----+--------+
         Total |    106 |     95 |     11 |      0 |      0 |   2 |   53.0 |
       Dungeon |     67 |     66 |      1 |      0 |      0 |   1 |   67.0 |
        Temple |     38 |     28 |     10 |      0 |      0 |   1 |   38.0 |
               +--------+--------+--------+--------+--------+-----+--------+

Top non-repeatable levels by time:
     D:5: 67 daAuts
  Temple: 38 daAuts
